 Dungeon Crawl Stone Soup version 0.17-a0-989-gada8a91 (webtiles) character file.

276 Ngotmuk the Skirmisher (level 6, -4/58 HPs)
             Began as a Deep Dwarf Fighter on May 12, 2015.
             Was a Follower of Ru.
             Slain by Menkaure (14 damage)
             ... on level 4 of the Dungeon.
             The game lasted 00:06:05 (1872 turns).

Ngotmuk the Skirmisher (Deep Dwarf Fighter)         Turns: 1872, Time: 00:06:06

Health: -4/58      AC: 10    Str: 21    XL:     6   Next: 4%
Magic:  6/6        EV:  8    Int:  9    God:    Ru [*.....]
Gold:   100        SH:  9    Dex: 12    Spells: 0 memorised, 5 levels left

rFire  . . .     SeeInvis .     a - +0 war axe
rCold  . . .     Clarity  .     m - +1 ring mail {MR+}
rNeg   + + .     SustAb   .     c - +0 shield
rPois  .         Gourm    .     k - +0 helmet
rElec  .         Spirit   .     q - +0 cloak
rCorr  .         Warding  +     n - +0 pair of gloves
rMut   .         Stasis   .     (no boots)
MR     +....                    s - amulet of warding
Stlth  +.........               (no ring)
                                g - ring of positive energy

@: non-regenerating, somewhat resistant to hostile enchantments, very unstealthy
A: damage resistance, recharge devices, sense surroundings 1, slow healing 3,
unskilled 1
a: Device Recharging, Renounce Religion


You were on level 4 of the Dungeon.
You worshipped Ru.
Ru was aware of your devotion.
You were not hungry.

You visited 1 branch of the dungeon, and saw 4 of its levels.

You collected 100 gold pieces.

Inventory:

Hand weapons
 a - a +0 war axe (weapon)
Missiles
 i - 3 poisoned javelins (quivered)
Armour
 c - a +0 shield (worn)
 k - a +0 helmet (worn)
 m - a +1 ring mail of magic resistance (worn)
 n - a +0 pair of gloves (worn)
 q - a +0 cloak (worn)
Jewellery
 g - a ring of positive energy (left hand)
 s - an amulet of warding (around neck)
Magical devices
 e - a wand of heal wounds (4)
Scrolls
 b - a scroll of teleportation {unknown}
 h - a scroll of amnesia {unknown}
 l - 6 scrolls of remove curse {unknown}
 o - a scroll of fog {unknown}
 r - 3 scrolls of identify {unknown}
 t - a scroll of blinking {unknown}
 v - a scroll of immolation {unknown}
Potions
 d - a potion of might
 f - a potion of invisibility {unknown}
 p - a potion of heal wounds {unknown}
Comestibles
 j - 3 meat rations
 u - a bread ration


   Skills:
 * Level 4.0 Fighting
 * Level 3.6 Axes
 + Level 3.9 Armour
 + Level 3.9 Shields


You had 5 spell levels left.
You didn't know any spells.

Dungeon Overview and Level Annotations

Branches:
Dungeon (4/15)
 Temple: D:4-7

Altars:
Dithmenos
Qazlal
Ru
Trog
Yredelemnul

Annotations:
D:2 Natasha
D:4 Menkaure


Innate Abilities, Weirdness & Mutations

You are resistant to damage.
You can recharge devices by infusing magical energy.
You passively map a small area around you.
You do not heal naturally.
You are somewhat unskilled (-1 Apt).


Message History

You closely miss Menkaure. You block Menkaure's attack.
You barely miss Menkaure.
Menkaure shouts, "You disturbed my rest!
Die!"
You block Menkaure's attack. Menkaure hits you.
You hit Menkaure.
Menkaure is lightly damaged.
Menkaure calls on the powers of darkness!
The kobold convulses!
Your body is wracked with pain!
You slash Menkaure!
Menkaure is moderately damaged.
Menkaure casts a spell at you.
You easily resist.
You hit Menkaure.
Menkaure is heavily damaged.
Menkaure hits you!
* * * LOW HITPOINT WARNING * * *
Your shield prevents you from hitting Menkaure.
Menkaure is heavily damaged.
Menkaure hits you!
You die...

,..# ,
#......#####...#.#
..#*
,#.##.............#
* *
#.################ ,
,#.....# * , #####.#
,, , , #.# , , ,, ,,
* #.# . , , , , ,
######.######....,,*
* #.........@MK.....
#......#######....
#...... *, . *
#......* , ,
#......* #...... , ,
,....... * , * , ,,
* * *


You could see Menkaure and a kobold.

Vanquished Creatures
  The ghost of Ngotmuk the Covered, a weakling DDFi (D:4)
  A crimson imp (D:3)
  Ijyb (D:2)
  A worker ant (D:4)
  A worker ant zombie (D:3)
  A gnoll (D:1)
  5 adders
  An ooze (D:1)
  2 worms
  2 giant geckos
  8 bats
  2 giant cockroaches
  10 goblins
  7 hobgoblins
  2 jackals (D:2)
  8 kobolds
  A quokka (D:2)
  6 giant newts
  12 rats
  A spectral orc (D:2)
73 creatures vanquished.

Notes
Turn   | Place    | Note
--------------------------------------------------------------
     0 | D:1      | Ngotmuk the Deep Dwarf Fighter began the quest for the Orb.
     0 | D:1      | Reached XP level 1. HP: 20/20 MP: 1/1
   130 | D:1      | Reached XP level 2. HP: 25/28 MP: 2/2
   418 | D:1      | Reached XP level 3. HP: 27/34 MP: 3/3
   887 | D:2      | Noticed Ijyb
   917 | D:2      | Killed Ijyb
   917 | D:2      | Reached XP level 4. HP: 31/43 MP: 4/4
   939 | D:2      | Found a shadowy altar of Dithmenos.
   992 | D:2      | Found a sacrificial altar of Ru.
  1000 | D:2      | Became a worshipper of Ru the Awakened
  1026 | D:2      | Found a stormy altar of Qazlal.
  1027 | D:2      | Noticed Natasha
  1166 | D:2      | Found a basalt altar of Yredelemnul.
  1272 | D:3      | Reached skill level 4 in Armour
  1403 | D:3      | Reached XP level 5. HP: 29/50 MP: 5/5
  1496 | D:3      | Found a shadowy altar of Dithmenos.
  1669 | D:3      | Noticed a moth of wrath
  1678 | D:3      | Found a bloodstained altar of Trog.
  1741 | D:4      | Noticed Ngotmuk's ghost (weakling DDFi)
  1754 | D:4      | Killed Ngotmuk's ghost
  1802 | D:4      | Reached XP level 6. HP: 45/58 MP: 6/6
  1830 | D:4      | Gained mutation: You are somewhat unskilled (-1 Apt). [Ru sacrifice]
  1830 | D:4      | Acquired Ru's first power
  1862 | D:4      | Noticed Menkaure
  1872 | D:4      | Slain by Menkaure

Vault maps used:
D:1:      saegor_arrival_miasma, st_stairs_5, minmay_splitting_lines
D:2:      nicolae_ru_path_of_blood, yredelemnul_forgotten_temple_becter,
          nicolae_overflow_hidden_temple, grunt_dithmenos_smoke_and_mirrors,
          uniq_iyjb, uniq_natasha
D:3:      old_standard_altar, tgw_trog, first_bread
D:4:      tso_oasis_becter, minitemple, nicolae_ossuary_entry_giza,
          uniq_menkaure

Action                   |  1- 3 |  4- 6 || total
-------------------------+-------+-------++-------
Melee: War axe           |   102 |   159 ||   261
Throw: Javelin           |       |     1 ||     1
Invok: Sacrifice Skill   |       |     1 ||     1
Evoke: Wand              |       |     1 ||     1
  Eat: Bread ration      |       |     1 ||     1
